 Dungeon Crawl Stone Soup version 0.30-a0-578-gdee14c521f (webtiles) character file.

Game seed: 10439122778845516603

490 tkbsonic5 the Gusty (level 6, -11/50 HPs)
             Began as a Demigod Air Elementalist on Dec 29, 2022.
             Killed from afar by Dowan (20 damage)
             ... with a stone arrow
             ... on level 6 of the Dungeon on Dec 31, 2022.
             The game lasted 00:18:34 (3691 turns).

tkbsonic5 the Gusty (Demigod Air Elementalist)      Turns: 3691, Time: 00:18:34

Health: -11/50     AC:  3    Str:  9    XL:     6   Next: 59%
Magic:  0/13       EV: 13    Int: 25    God:
Gold:   150        SH:  0    Dex: 14    Spells: 3/10 levels left

rFire   . . .      SeeInvis +    m - +1 flail
rCold   . . .      Faith    .    (no shield)
rNeg    . . .      Spirit   .    a - +0 robe
rPois   .          Reflect  .    (helmet restricted)
rElec   .          Harm     .    (no cloak)
rCorr   .          Rampage  .    i - +0 pair of gloves
Will    .....                    (no boots)
Stlth   ++                       (no amulet)
HPRegen 0.28/turn                n - ring of see invisible
MPRegen 0.13/turn                (no ring)

@: no status effects
A: high MP 1, forlorn, divine attributes, horns 2
a: no special abilities


You were on level 6 of the Dungeon.
You visited 1 branch of the dungeon, and saw 4 of its levels.

You collected 150 gold pieces.

Inventory:

Hand Weapons
 b - a +0 dagger
 h - a +0 club
 m - a +1 flail (weapon)
Armour
 a - a +0 robe (worn)
 i - a +0 pair of gloves (worn)
 j - a +0 ring mail
 k - a +0 helmet
 l - a +0 chain mail
Jewellery
 n - a ring of see invisible (left hand)
Wands
 c - a wand of charming (9)
Potions
 d - a potion of flight
 o - a potion of cancellation


   Skills:
 * Level 2.8 Fighting
 - Level 0.2 Short Blades
 + Level 1.2 Maces & Flails
 - Level 1.0 Armour
 + Level 3.0 Dodging
 - Level 1.8 Stealth
 * Level 2.9 Spellcasting
 * Level 2.6 Conjurations
 * Level 3.8 Air Magic


You had 3 spell levels left.
You knew the following spells:

 Your Spells              Type           Power      Damage    Failure   Level
a - Shock                 Conj/Air       80%        1d8       2%          1
b - Static Discharge      Conj/Air       40%        2-4/arc   4%          2
c - Airstrike             Air            11%        2d(2-18)  21%         4

Your spell library contained the following spells:

 Spells                   Type           Power      Damage    Failure   Level
 Swiftness                Air            23%        N/A       6%          3
 Gell's Gravitas          Tloc           3%         N/A       30%         3
 Lesser Beckoning         Tloc           6%         N/A       30%         3
 Teleport Other           Tloc           3%         N/A       30%         3


Dungeon Overview and Level Annotations

Branches:
Dungeon (6/15)
 Temple: D:4-7

Annotations:
D:3 Natasha
D:6 Dowan


Innate Abilities, Weirdness & Mutations

You have an increased reservoir of magic. (+10% MP)
You shall have no god before yourself.
Your divine heritage dramatically boosts your attributes as you level up.
You have a pair of horns on your head.


Message History

The lightning grounds out.
Dowan points at you and mumbles some strange words.
The shard of ice misses you. Dowan hits you with a +0 dagger.
* * * LOW HITPOINT WARNING * * *
Casting: Static Discharge (safe; 4% risk of failure)
Confirm with . or Enter, or press ? or * to list all spells.
Dowan is struck by an arc of lightning.
Dowan is almost dead.
You are struck by an arc of lightning.
* * * LOW HITPOINT WARNING * * *
The lightning grounds out.
Dowan barely misses you.
Casting: Static Discharge (safe; 4% risk of failure)
Confirm with . or Enter, or press ? or * to list all spells.
Aiming: Shock (safe; 2% risk of failure)
Press: ? - help, Shift-Dir - straight line, f - Dowan
Aim: Dowan, wielding a +0 dagger and wearing a +0 robe (almost dead, fast, 60% to hit)
You miscast Shock.
You are very lightly contaminated with residual magic.
Nothing appears to happen.
Dowan hits you with a +0 dagger.
* * * LOW HITPOINT WARNING * * *
Dowan gestures wildly while chanting.
Dowan blinks!
Dowan casts a spell at you. The stone arrow misses you.
Dowan mumbles some strange words.
Dowan blinks!
You are too injured to fight recklessly!
You are too injured to fight recklessly!
Casting: Shock (safe; 2% risk of failure)
Confirm with . or Enter, or press ? or * to list all spells.
Aiming: Shock (safe; 2% risk of failure)
Press: ? - help, Shift-Dir - straight line, f/p - Dowan
Aim: Dowan, wielding a +0 dagger and wearing a +0 robe (almost dead, fast, 60% to hit)
The zap misses Dowan.
Dowan gestures wildly while chanting.
Dowan blinks!
Your magical contamination has completely faded away.
Dowan casts a spell at you. The stone arrow hits you!!
You die...

###......# #....#...#
#.# #..###.#
#....#...###.#
#..###.#
#....#....##.#
#......#
#.........##.#
##.##..#
#.##.........#
#.##..###.###.#.######
#.##....e.....#.#
#.....###.#####.#
####### #..@....#
#########


You could see Dowan (fast).

Vanquished Creatures
  Sigmund (D:3)
  Duvessa (D:6)
  2 hounds (D:6)
  A jelly (D:6)
  Jessica (D:2)
  Terence (D:2)
  4 adders
  3 worms
  An orc (D:6)
  6 ball pythons
  4 endoplasms
  A giant cockroach (D:1)
  A goblin (D:2)
  8 hobgoblins
  4 jackals (D:3)
  A quokka (D:2)
  8 bats
  2 frilled lizards
  2 kobolds (D:1)
  3 rats
55 creatures vanquished.

Notes
Turn   | Place    | Note
-------+----------+-------------------------------------------
     0 | D:1      | tkbsonic5 the Demigod Air Elementalist began the quest for
                  | the Orb.
     0 | D:1      | Reached XP level 1. HP: 14/14 MP: 5/5
   274 | D:1      | Reached skill level 1 in Conjurations
   930 | D:2      | Reached XP level 2. HP: 10/22 MP: 4/7
  1458 | D:2      | Learned a level 2 spell: Static Discharge
  1555 | D:2      | Reached skill level 1 in Fighting
  1555 | D:2      | Reached XP level 3. HP: 23/28 MP: 2/8
  1717 | D:2      | Noticed Terence
  1738 | D:2      | Killed Terence
  1874 | D:2      | Noticed Jessica
  2059 | D:2      | Reached skill level 1 in Armour
  2059 | D:2      | Reached XP level 4. HP: 28/35 MP: 0/9
  2065 | D:2      | Killed Jessica
  2418 | D:2      | Learned a level 4 spell: Airstrike
  2876 | D:3      | Noticed Natasha
  2880 | D:3      | Noticed Sigmund
  3028 | D:3      | Gained mutation: You have a pair of small horns on your
                  | head. [potion of mutation]
  3028 | D:3      | Gained mutation: You have a pair of horns on your head.
                  | [potion of mutation]
  3171 | D:3      | Killed Sigmund
  3172 | D:3      | Reached XP level 5. HP: 29/42 MP: 1/11
  3463 | D:3      | You fall into a shaft and drop 3 floors!
  3464 | D:6      | Upgraded the game from 0.30-a0-568-g124715a40b to
                  | 0.30-a0-578-gdee14c521f
  3481 | D:6      | Reached XP level 6. HP: 50/50 MP: 7/12
  3622 | D:6      | Reached skill level 1 in Maces & Flails
  3635 | D:6      | Noticed Duvessa
  3655 | D:6      | Noticed Dowan
  3670 | D:6      | Killed Duvessa
  3691 | D:6      | Killed from afar by Dowan

Illustrated notes

Levels and vault maps discovered:
D:1:      shiori_shiawase, layout_loops_ring,
          hellmonk_ecumenical_altar_lost_god, minmay_quantized
D:2:      layout_basic, basic_altar, uniq_terence, uniq_jessica
D:3:      layout_basic, uniq_sigmund, uniq_natasha
D:6:      cheibrodos_iron_armory, layout_loops_corners, serial_shops,
          nicolae_shop_advertising_works [nicolae_subvault_shop_adworks],
          uniq_duvessa, uniq_pikel

Skill      XL: |  1  2  3  4  5  6 |
---------------+-------------------+-----
Conjurations   | 1 2 |  2.6
Dodging        | 2 3 |  3.0
Fighting       | 1 2 |  2.8
Spellcasting   | 2 |  2.9
Air Magic      | 3 |  3.8
Armour         | 1 |  1.0
Maces & Flails | 1 |  1.2
Short Blades   | |  0.2
Stealth        | |  1.8

Action                   |  1- 3 |  4- 6 || total
-------------------------+-------+-------++-------
Melee: Club              |    50 |       ||    50
       Dagger            |    20 |       ||    20
       Punch             |     1 |       ||     1
       Flail             |     3 |    17 ||    20
       Headbutt          |       |     3 ||     3
 Cast: Shock             |    36 |    58 ||    94
       Static Discharge  |    13 |    17 ||    30
  Use: Potion            |     8 |     3 ||    11
       Scroll            |     2 |     5 ||     7
 Stab: Sleeping          |       |     1 ||     1
Armor: Robe              |    16 |     8 ||    24
       Chain mail        |    40 |       ||    40
Dodge: Dodged            |    34 |    20 ||    54

Table legend: (Time is in decaauts)
 A = Elapsed time spent in this place.
 B = Non-inter-level travel time spent in this place.
 C = Inter-level travel time spent in this place.
 D = Time resting spent in this place.
 E = Time spent auto-exploring this place.
 F = Levels seen in this place.
 G = Mean time per level.
                   A        B        C        D        E       F      G
               +--------+--------+--------+--------+--------+-----+--------+
         Total |   3693 |   3472 |    221 |    841 |   1971 |   4 |  923.2 |
       Dungeon |   3693 |   3472 |    221 |    841 |   1971 |   4 |  923.2 |
               +--------+--------+--------+--------+--------+-----+--------+

Top non-repeatable levels by time:
     D:2: 1614 daAuts
     D:1: 987 daAuts
     D:3: 860 daAuts
     D:6: 229 daAuts
